 Dungeon Crawl Stone Soup version 0.31.0 (webtiles) character file.

Game seed: 11222257863022001148

275 qw the Shooter (level 6, -2/40 HPs)
             Began as a Gargoyle Hunter on Jan 19, 2024.
             Was an Initiate of Okawaru.
             Slain by Pikel
             ... wielding a +1 whip of flaming
              (10 damage)
             ... on level 4 of the Dungeon.
             The game lasted 00:00:09 (2460 turns).

qw the Shooter (Gargoyle Hunter)                    Turns: 2460, Time: 00:00:10

Health: -2/40      AC:  8    Str: 14    XL:     6   Next: 24%
Magic:  6/6        EV: 12    Int: 10    God:    Okawaru [......]
Gold:   239        SH:  0    Dex: 15    Spells: 5/5 levels left

rFire   + . .        a - +0 shortbow
rCold   . . .        (shield currently unavailable)
rNeg    + . .        d - +0 robe {Will+}
rPois   inf          h - +2 hat
rElec   +            (no cloak)
rCorr   .            (no gloves)
SInv    .            (no boots)
Will    +....        (no amulet)
Stlth   ++           e - ring of protection from fire
HPRegen 0.26/turn    (no ring)
MPRegen 0.10/turn

%: no passive effects
@: about to teleport
A: sickness immunity, AC +4, negative energy resistance 1, electricity
resistance, torment resistance 1, petrification resistance
a: Renounce Religion


You were on level 4 of the Dungeon.
You worshipped Okawaru.
Okawaru was noncommittal.
You visited 1 branch of the dungeon, and saw 4 of its levels.

You collected 239 gold pieces.


Innate Abilities, Weirdness & Mutations

You are immune to sickness and miasma.
Your stone body is resilient. (AC +4)
You are immune to poison.
You resist negative energy. (rN+)
You are resistant to electric shocks. (rElec)
You are resistant to unholy torment.
You are immune to petrification.


   Skills:
 - Level 5.2 Fighting
 + Level 5.6 Ranged Weapons
 - Level 1.0 Armour
 - Level 1.5 Dodging
 - Level 1.1 Stealth


You had 5 spell levels left.
You didn't know any spells.
Your spell library was empty.

Inventory:

Hand Weapons
 a - a +0 shortbow (weapon)
Armour
 d - a +0 robe of willpower (worn)
 f - a +0 ring mail
 h - a +2 hat (worn)
Jewellery
 e - a ring of protection from fire (left hand)
Scrolls
 g - a scroll of enchant armour {unknown}
 j - a scroll of acquirement {unknown}
 k - 2 scrolls of teleportation
 l - a scroll of identify
Potions
 b - 2 potions of attraction {unknown}
 c - a potion of ambrosia {unknown}
 i - 2 potions of curing
 m - a potion of magic {unknown}

Dungeon Overview and Level Annotations

Branches:
Dungeon (4/15)
 Temple: D:4-7

Altars:
Cheibriados
Dithmenos
Okawaru
Trog
Xom

Annotations:
D:4 Pikel


Message History

Pikel is lightly wounded.
Pikel hits you with a +1 whip of flaming.
You shoot an arrow. The arrow barely misses Pikel.
The arrow barely misses the lemure.
The arrow misses the lemure.
Pikel hits you but does no damage.
You shoot an arrow. The arrow barely misses Pikel.
The arrow hits the lemure!
The lemure is heavily wounded.
Pikel hits you but does no damage.
You shoot an arrow. The arrow hits Pikel.
Pikel is moderately wounded.
Pikel hits you but does no damage.
You shoot an arrow. The arrow hits Pikel.
Pikel is moderately wounded.
Pikel hits you with a +1 whip of flaming.
Pikel burns you.
You shoot an arrow. The arrow barely misses Pikel.
The arrow hits the lemure.
The lemure is severely wounded.
Pikel closely misses you.
You shoot an arrow. The arrow hits Pikel.
Pikel is moderately wounded.
Pikel waves his whip at you.
Pikel hits you with a +1 whip of flaming!
Pikel hits you with a +1 whip of flaming.
Pikel burns you.
You shoot an arrow. The arrow hits Pikel.
Pikel is heavily wounded.
Pikel misses you.
You shoot an arrow. The arrow hits Pikel.
Pikel is severely wounded.
Pikel hits you with a +1 whip of flaming.
2459 ||| READING 3 scrolls of teleportation.
As you read the scroll of teleportation, it crumbles to dust.
You feel strangely unstable. Pikel closely misses you.
You shoot an arrow.
The arrow hits Pikel but does no damage.
Pikel is severely wounded.
Pikel hits you with a +1 whip of flaming!
You die...
Pikel says, "See you in Hell!"

# #. #. #.# #.
#.# +# ## #.#
... ## #.# ....
#. ##.## .....
##.
##...####5.....
####..
#......@K55....
+.....
##...####5.....
####.. #..##
..... ##. #.##
.... ## #.####
... # #.##.##
#+# # #.#...##
#.# # #......#
#.# # ###...##
##.###### #


You could see Pikel and 4 lemures.

Vanquished Creatures
  Sigmund (D:3)
  Jessica (D:2)
  3 gnolls (D:4)
  3 dart slugs
  2 orcs
  5 endoplasms
  4 giant cockroaches
  7 goblins
  4 hobgoblins
  4 quokkas
  3 ball pythons
  2 frilled lizards (D:2)
  9 kobolds
  3 rats
51 creatures vanquished.

Notes
Turn   | Place    | Note
-------+----------+-------------------------------------------
     0 | D:1      | qw the Gargoyle Hunter began the quest for the Orb.
     0 | D:1      | Reached XP level 1. HP: 12/12 MP: 1/1
     0 | D:1      | 0 ||| qw: Version: 0.3-a-132-g3d54051
     0 | D:1      | 0 ||| qw: Game counter: 356
     0 | D:1      | 0 ||| qw: Melee chars always use a shield: true
     0 | D:1      | 0 ||| qw: God list: Okawaru
     0 | D:1      | 0 ||| qw: Allow faded altars: false
     0 | D:1      | 0 ||| qw: Do Orc after clearing Dungeon:15 true
     0 | D:1      | 0 ||| qw: Do second Lair branch before Depths: true
     0 | D:1      | 0 ||| qw: Lair rune preference: random
     0 | D:1      | 0 ||| qw: Goals: Normal
     0 | D:1      | 0 ||| PLANNING D:1-11
   125 | D:1      | Reached XP level 2. HP: 17/17 MP: 2/2
   170 | D:1      | Found a faded altar of an unknown god.
   676 | D:1      | 676 ||| UPGRADING to +0 ring mail.
   686 | D:1      | 686 ||| DROPPING +0 leather armour.
   687 | D:1      | 687 ||| UPGRADING to ring of protection from fire.
   688 | D:1      | 688 ||| READING scroll labelled POSEFR RIESCHADGH.
   689 | D:1      | 689 ||| READING scroll labelled IQISA REREZ.
   689 | D:1      | 689 ||| IDENTIFYING orange potion
   690 | D:1      | 690 ||| READING 2 scrolls labelled WIOTOI WUHEGG.
   694 | D:1      | 694 ||| READING scroll labelled VUCWAM LAMAEN.
   795 | D:1      | 795 ||| DROPPING scroll of butterflies.
   838 | D:2      | Reached XP level 3. HP: 21/21 MP: 3/3
   890 | D:2      | Reached skill level 1 in Armour
   916 | D:2      | 916 ||| FLEEEEING.
   918 | D:2      | 918 ||| STAIRDANCE
   941 | D:2      | Noticed Jessica
   943 | D:2      | Killed Jessica
   944 | D:2      | Reached XP level 4. HP: 26/26 MP: 4/4
  1253 | D:2      | 1253 ||| DRINKING 2 fizzy ruby potions.
  1320 | D:3      | Found an iron altar of Okawaru.
  1321 | D:3      | 1321 ||| PLANNING OKAWARU WORSHIP
  1321 | D:3      | 1321 ||| READING scroll labelled HOSTRO OFREEHO.
  1329 | D:3      | Became a worshipper of Warmaster Okawaru
  1330 | D:3      | 1330 ||| PLANNING D:1-11
  1350 | D:3      | Found a bloodstained altar of Trog.
  1443 | D:3      | Noticed Sigmund
  1444 | D:3      | 1444 ||| DRINKING potion of haste.
  1464 | D:3      | Killed Sigmund
  1465 | D:3      | Reached XP level 5. HP: 9/35 MP: 5/5
  1465 | D:3      | Reached XP level 6. HP: 10/40 MP: 6/6
  1681 | D:3      | Found a shimmering altar of Xom.
  1843 | D:3      | Found a snail-covered altar of Cheibriados.
  1933 | D:3      | 1933 ||| UPGRADING to +0 robe of willpower.
  1943 | D:3      | 1943 ||| UPGRADING to +2 hat.
  1948 | D:3      | 1948 ||| DRINKING 2 fuming puce potions.
  1949 | D:3      | 1949 ||| DROPPING potion of invisibility.
  2065 | D:4      | 2065 ||| FLEEEEING.
  2392 | D:4      | Found a shadowy altar of Dithmenos.
  2440 | D:4      | Noticed Pikel
  2458 | D:4      | HP: 7/40 [Pikel/+1 whip of flaming (5)]
  2459 | D:4      | 2459 ||| READING 3 scrolls of teleportation.
  2460 | D:4      | Slain by Pikel

Levels and vault maps discovered:
D:1:      orjb1_clovarrival, layout_loops_ring,
          dreamdust_ecumenical_altar_grove, minmay_misc_feat_cross
D:2:      layout_rooms, uniq_jessica
D:3:      layout_basic, mainiacjoe_overflow_cross_hatched, trog_butcher_becter,
          mainiacjoe_overflow_concentric_impassable, chei_slow_surprise,
          minmay_misc_feat_nine_boxes, supply_closet_lemuel,
          grunt_decor_arrowhead, uniq_sigmund
D:4:      minmay_thinvault, layout_loops_corners,
          grunt_temple_overflow_opulence, grunt_dithmenos_smoke, uniq_pikel

Skill      XL: |  1  2  3  4 |
---------------+-------------+-----
Armour         | 1 |  1.0
Ranged Weapons | 5 |  5.6
Fighting       | 5 |  5.2
Dodging        | |  1.5
Stealth        | |  1.1

Action                     |  1- 3 |  4- 6 || total
---------------------------+-------+-------++-------
   Fire: Shortbow          |    70 |   128 ||   198
    Use: Scroll            |     4 |     2 ||     6
         Potion            |       |     3 ||     3
 Armour: Leather armour    |     4 |       ||     4
         Ring mail         |     9 |    22 ||    31
         Robe              |       |    20 ||    20
  Dodge: Dodged            |    14 |    28 ||    42

Table legend:
 A = Non-vault XP
 B = Vault XP
 C = Vault XP percentage of total XP
 D = Non-vault monster count
 E = Vault monster count
 F = Vault count percentage of total count
                 A         B        C        D         E       F
            +---------+---------+-------+---------+---------+-------
      Total |     109 |     284 |  72.3 |      38 |      13 |  25.5
            +---------+---------+-------+---------+---------+-------
        D:1 |      28 |       0 |   0.0 |      14 |       0 |   0.0
        D:2 |      24 |      37 |  60.7 |      13 |       1 |   7.1
        D:3 |       7 |     234 |  97.1 |       4 |       5 |  55.6
        D:4 |      50 |      13 |  20.6 |       7 |       7 |  50.0
            +---------+---------+-------+---------+---------+-------
